 Dungeon Crawl Stone Soup version 0.30-a0-371-gad7725a93e (webtiles) character file.

Game seed: 5445858821766505895

120986 oldmanjim the Crack Shot (level 16, 0/146 HPs)
             Began as a Minotaur Hunter on Nov 19, 2022.
             Was an Initiate of Gozag.
             Slain by the 27-headed Lernaean hydra (3 damage)
             ... on level 4 of the Swamp on Nov 20, 2022.
             The game lasted 03:44:00 (36543 turns).

oldmanjim the Crack Shot (Minotaur Hunter)         Turns: 36543, Time: 03:44:01

Health: 0/146      AC: 21    Str: 22    XL:     16   Next: 31%
Magic:  0/16       EV: 21    Int: 12    God:    Gozag
Gold:   2943       SH:  0    Dex: 23    Spells: 16/16 levels left

rFire   + . .      SeeInvis .    b - +7 trident of the Feeding Gods {drain, rF+ Will+ Stlth+}
rCold   + . .      Faith    .    (no shield)
rNeg    . . .      Spirit   +    Z - +0 chain mail "Hupnaz" {Will+++ Str+2 Int+3 Stlth-}
rPois   .          Reflect  .    T - +2 hat
rElec   .          Harm     .    F - +1 cloak
rCorr   +          Rampage  .    N - +3 pair of gauntlets of War {Slay+5}
Will    +++++                    (no boots)
Stlth   ..........               x - amulet of guardian spirit
HPRegen 0.44/turn                R - ring "Cybefuomom" {rC+ rCorr EV+4 Int+3 Dex-3}
MPRegen 0.15/turn                i - ring "Nipuax" {Fly Str+4 Dex+4 Slay-4}

@: mighty, flying, invisible
A: horns 2, retaliatory headbutt
a: Renounce Religion, Potion Petition, Call Merchant, Bribe Branch


You were on level 4 of the Swamp.
You worshipped Gozag.
Gozag was most pleased with you.
You visited 5 branches of the dungeon, and saw 27 of its levels.

You collected 9791 gold pieces.
You spent 3196 gold pieces at shops.
You paid 3652 gold pieces to Gozag.

Inventory:

Hand Weapons
 a - the +1 longbow of Acec {speed, Stlth+}
   (You acquired it on level 8 of the Dungeon)

   Attacks with this weapon are significantly faster.
   Stlth:     It makes you more stealthy.
 b - the +7 trident of the Feeding Gods (weapon) {drain, rF+ Will+ Stlth+}
   (You found it on level 5 of the Dungeon)

   A truly terrible weapon, it drains the life of any living foe it strikes.
   rF:        It protects you from fire.
   Will:      It increases your willpower.
   Stlth:     It makes you more stealthy.
 G - a +4 demon trident of draining
Missiles
 B - 5 silver javelins
 W - a throwing net
Armour
 q - a scarf of repulsion
 F - a +1 cloak (worn)
 N - the +3 pair of gauntlets of War (worn) {Slay+5}
   (You acquired it on level 3 of the Swamp)

   Slay:      It affects your accuracy & damage with ranged weapons and melee
   (+5).
 T - a +2 hat (worn)
 U - a +0 tower shield
 Z - the +0 chain mail "Hupnaz" (worn) {Will+++ Str+2 Int+3 Stlth-}
   (You found it on level 5 of the Lair of Beasts)

   Str:       It affects your strength (+2).
   Int:       It affects your intelligence (+3).
   Will:      It greatly increases your willpower.
   Stlth:     It makes you less stealthy.
Jewellery
 i - the ring "Nipuax" (right hand) {Fly Str+4 Dex+4 Slay-4}
   (You bought it in a shop on level 8 of the Dungeon)

   [ring of flight]

   Str:       It affects your strength (+4).
   Dex:       It affects your dexterity (+4).
   Slay:      It affects your accuracy & damage with ranged weapons and melee
   (-4).
   Fly:       It grants you flight.
 m - a ring of fire
 v - a ring of see invisible
 w - a +6 ring of dexterity
 x - an amulet of guardian spirit (around neck)
 L - a ring of protection from cold
 R - the ring "Cybefuomom" (left hand) {rC+ rCorr EV+4 Int+3 Dex-3}
   (You bought it in a shop on level 8 of the Dungeon)

   [ring of evasion]

   EV:        It affects your evasion (+4).
   Int:       It affects your intelligence (+3).
   Dex:       It affects your dexterity (-3).
   rC:        It protects you from cold.
   rCorr:     It protects you from acid and corrosion.
Wands
 h - a wand of acid (6)
 n - a wand of iceblast (28)
 O - a wand of flame (43) (quivered)
 P - a wand of paralysis (20)
Scrolls
 d - 8 scrolls of immolation
 g - 7 scrolls of poison
 k - 3 scrolls of blinking
 o - a scroll of butterflies
 r - 4 scrolls of fear
 s - 2 scrolls of magic mapping
 y - 4 scrolls of enchant armour
 H - a scroll of brand weapon {unknown}
 J - 11 scrolls of teleportation
 Q - 2 scrolls of silence
 S - 4 scrolls of enchant weapon
 V - a scroll of summoning {unknown}
Potions
 e - 7 potions of lignification
 f - 7 potions of haste
 l - 6 potions of attraction
 p - a potion of ambrosia
 u - 13 potions of curing
 z - 5 potions of brilliance
 A - a potion of magic
 C - a potion of resistance
 D - 4 potions of cancellation
 E - 2 potions of invisibility
 I - 6 potions of mutation
 K - 6 potions of berserk rage
 M - 2 potions of might
 Y - 4 potions of heal wounds
Miscellaneous
 j - a phantom mirror
 t - a tin of tremorstones (2/2)


   Skills:
 - Level 14.0 Fighting
 - Level 11.0 Polearms
 + Level 22.4 Ranged Weapons
 - Level 12.0 Armour
 + Level 13.9 Dodging
 - Level 0.7 Stealth
 + Level 3.8 Shields
 + Level 0.8 Spellcasting
 - Level 8.0 Evocations


You had 16 spell levels left.
You didn't know any spells.
Your spell library contained the following spells:

 Spells                   Type           Power      Damage    Failure   Level
 Beastly Appendage        Tmut           0%         N/A       86%         1
 Foxfire                  Conj/Fire      0%         2x1d4     86%         1
 Freeze                   Ice            0%         1d3       86%         1
 Necrotise                Necr           0%         1d4       86%         1
 Sting                    Tmut/Pois      0%         1d3       86%         1
 Cigotuvi's Dreadful Rot  Necr/Pois/Air  0%         N/A       95%         2
 Ensorcelled Hibernation  Hex/Ice        0%         N/A       95%         2
 Passwall                 Tmut/Erth      0%         N/A       95%         2
 Poisonous Vapours        Pois/Air       0%         N/A       95%         2
 Scorch                   Fire           0%         2d5       95%         2
 Wereblood                Tmut           0%         N/A       95%         2
 Call Canine Familiar     Summ           0%         N/A       99%         3
 Dazzling Flash           Conj/Hex       0%         N/A       99%         3
 Frozen Ramparts          Ice            0%         1d1       99%         3
 Gell's Gravitas          Tloc           0%         N/A       99%         3
 Hailstorm                Conj/Ice       0%         3d3       99%         3
 Inner Flame              Hex/Fire       0%         N/A       99%         3
 Lesser Beckoning         Tloc           0%         N/A       99%         3
 Mephitic Cloud           Conj/Pois/Air  0%         N/A       99%         3
 Portal Projectile        Hex/Tloc       0%         N/A       99%         3
 Spider Form              Tmut/Pois      0%         N/A       99%         3
 Swiftness                Air            0%         N/A       99%         3
 Teleport Other           Tloc           0%         N/A       99%         3
 Vampiric Draining        Necr           0%         2d6       99%         3
 Vhi's Electric Charge    Tloc/Air       0%         N/A       99%         3
 Dispel Undead            Necr           0%         3d6       100%        4
 Flame Wave               Conj/Fire      0%         2d4       100%        4
 Iskenderun's Mystic Bla  Conj/Tloc      0%         2d3       100%        4
 Leda's Liquefaction      Hex/Erth       0%         N/A       100%        4
 Olgreb's Toxic Radiance  Pois           0%         N/A       100%        4
 Sticky Flame             Conj/Fire      0%         2d3       100%        4
 Agony                    Necr           0%         N/A       100%        5
 Arcjolt                  Conj/Air       0%         1d10      100%        5
 Fireball                 Conj/Fire      0%         3d3       100%        5
 Iskenderun's Battlesphe  Conj           0%         2d6       100%        5
 Death Channel            Necr           0%         N/A       100%        6
 Iron Shot                Conj/Erth      0%         9d1       100%        6
 Starburst                Conj/Fire      0%         6d3       100%        6
 Summon Cactus Giant      Summ           0%         N/A       100%        6
 Haunt                    Necr/Summ      0%         N/A       100%        7
 Spellforged Servitor     Conj/Summ      0%         N/A       100%        7
 Infestation              Necr           0%         N/A       100%        8
 Maxwell's Capacitive Co  Air            0%         ∞         100%        8
 Animate Dead             Necr           Unusable   N/A       N/A         4

Dungeon Overview and Level Annotations

Branches:
Dungeon (15/15)            Temple (1/1) D:5            Lair (5/5) D:8
  Swamp (4/4) Lair:3        Snake (0/4) Lair:2        Slime (0/5) Lair:5
    Orc (2/2) D:12            Elf (0/3) Orc:2        Vaults (0/5) D:14
 Depths (0/4) D:15

Altars:
Ashenzari
Cheibriados
Dithmenos
Elyvilon
Fedhas
Gozag
Hepliaklqana
Kikubaaqudgha
Makhleb
Nemelex Xobeh
Okawaru
Qazlal
Ru
Sif Muna
Trog
Uskayaw
Vehumet
Wu Jian
Xom
Yredelemnul
Zin
The Shining One
Jiyva

Shops:
D:8 *=   D:9 (   D:12 !   Orc:2 [*((*

Portals:
Trove: D:10 (give 6 scrolls of blinking)

Annotations:
D:4 Dowan, Duvessa
Lair:3 2 transporters, Miekkume's ghost, journeyman MiFi
Swamp:4 Lernaean hydra


Innate Abilities, Weirdness & Mutations

You have a pair of horns on your head.
You reflexively headbutt those who attack you in melee.


Message History

The 27-headed Lernaean hydra misses you.
The 27-headed Lernaean hydra completely misses you.
The 27-headed Lernaean hydra bites you but does no damage. x2
The 27-headed Lernaean hydra completely misses you.
The 27-headed Lernaean hydra bites you.
* * * LOW HITPOINT WARNING * * *
The 27-headed Lernaean hydra completely misses you.
The 27-headed Lernaean hydra bites you!
* * * LOW HITPOINT WARNING * * *
The 27-headed Lernaean hydra bites you but does no damage.
The 27-headed Lernaean hydra completely misses you.
The 27-headed Lernaean hydra closely misses you.
The 27-headed Lernaean hydra barely misses you.
The 27-headed Lernaean hydra completely misses you.
The 27-headed Lernaean hydra barely misses you.
The 27-headed Lernaean hydra bites you but does no damage.
The 27-headed Lernaean hydra bites you.
* * * LOW HITPOINT WARNING * * *
There is a stone staircase leading up here.
The 27-headed Lernaean hydra completely misses you.
The 27-headed Lernaean hydra bites you but does no damage.
The 27-headed Lernaean hydra misses you.
The 27-headed Lernaean hydra completely misses you.
The 27-headed Lernaean hydra misses you.
The 27-headed Lernaean hydra bites you!
* * * LOW HITPOINT WARNING * * *
The 27-headed Lernaean hydra bites you!
* * * LOW HITPOINT WARNING * * *
The 27-headed Lernaean hydra closely misses you.
The 27-headed Lernaean hydra bites you.
* * * LOW HITPOINT WARNING * * *
The 27-headed Lernaean hydra bites you but does no damage.
The 27-headed Lernaean hydra bites you.
* * * LOW HITPOINT WARNING * * *
The 27-headed Lernaean hydra closely misses you.
The 27-headed Lernaean hydra bites you but does no damage. x2
The 27-headed Lernaean hydra completely misses you.
The 27-headed Lernaean hydra bites you.
You die...
Your body crumbles into a pile of gold.

♣♣...♣♣.~~~~~~~~~~♣ ♣♣......~.#≈
♣.~~.♣♣.~~.~~~~~~.♣ ♣♣....♣~.####
♣~§~~..♣♣.~§~§♣♣♣♣♣♣♣~....≈♣♣.≈ #
♣♣.~~~..♣..~~.♣ ♣♣...D~~≈♣ ♣♣.≈
♣♣~~~..♣♣♣.~~♣ ♣~~......♣ ♣
♣.~.~..♣♣..~♣ ♣♣.§.~.#.♣♣♣♣♣
♣♣♣.?♣♣.~~♣♣♣♣♣ ♣♣.~~.~...~♣♣~♣♣♣
♣~♣♣..♣.~.♣♣♣♣♣♣♣D~~[~.....#.§~≈♣
..♣..~♣♣♣♣♣♣~♣~♣@~~~~~~.^.~~§~~~~
..♣♣~~♣ ♣♣~....~~.~§~~.~~~~~~~~
.~.~♣♣♣♣♣♣♣..~~..<..~~....~~~.~♣~
.~.~♣♣♣♣~♣.~~~~~~~..~~.~♣♣..~.♣♣.
♣~♣..~~....~~~~~~~~♣.~~.♣♣♣..♣♣♣~
♣~......~~~~~.~~~~♣♣♣~~§...♣♣♣♣.~
♣.~~~~..~.~..~...~♣♣♣♣.~~~..♣ ♣..
♣.~~~~~♣♣♣.~♣♣♣♣♣♣♣♣...~~~~.♣♣♣.~
♣.~§~~.♣♣♣♣..~♣ ♣~.~~~§~~♣♣~~~


You could see the 27-headed Lernaean hydra (unable to see you, drained) and a
swamp dragon (unable to see you).

Vanquished Creatures
  Jorgrun (Swamp:3)
  Gastronok (Lair:2)
  Kirke (D:13)
  Donald (Swamp:3)
  A fenstrider witch (Swamp:3)
  Louise (Swamp:4)
  5 eleionomae
  6 bunyips
  Snorg (Lair:4)
  A fire dragon (D:15)
  The ghost of greasedhog the Carver, a journeyman MfFi of Dithmenos (Orc:2)
  15 hydras
  2 ghost crabs
  10 alligators
  5 centaur warriors
  A boulder beetle (D:11)
  2 two-headed ogres
  A catoblepas (Lair:4)
  An orc high priest (Orc:1)
  Nergalle (Lair:2)
  Urug (D:11)
  A spriggan berserker (Swamp:3)
  A death drake (Swamp:4)
  7 goliath frogs
  5 swamp dragons
  3 spriggan druids (Swamp:4)
  5 bog bodies
  A wizard (D:15)
  3 orc knights (Orc:2)
  An obsidian statue (Orc:2)
  4 deep elf pyromancers
  An orc sorcerer (Orc:2)
  A necromancer (D:15)
  3 oklob plants (Lair:5)
  3 lindwurms
  7 ugly things
  3 cyclopes
  5 manticores
  18 elephants
  2 will-o-the-wisps (Swamp:4)
  5 black mambas
  A centaur zombie (D:15)
  2 naga magi (D:15)
  20 cane toads
  3 gargoyles
  9 komodo dragons
  An unseen horror (D:8)
  2 rime drakes
  2 tengu conjurers (D:13)
  A freezing wraith (D:15)
  5 trolls
  2 polar bears
  6 tyrant leeches
  A hornet (Swamp:2)
  12 blink frogs
  19 slime creatures
  7 dream sheep (Lair:5)
  A meliai zombie (D:15)
  Sigmund (D:4)
  A vampire (D:11)
  A water elemental (D:15)
  5 basilisks
  3 shadows
  A fire elemental (D:13)
  33 yaks
  A fire bat (shapeshifter) (D:13)
  A wraith (D:10)
  7 wyverns
  Eustachio (D:4)
  6 hogs (D:13)
  A spriggan (Swamp:3)
  11 humans (D:14)
  2 steam dragons
  9 vampire mosquitoes
  3 nagas
  2 wargs
  15 swamp worms
  2 acid dragons
  11 water moccasins
  40 orc warriors
  An ice beast (D:7)
  5 swamp drakes
  A meliai simulacrum (D:15)
  6 ogres
  32 wolves
  27 centaurs
  2 kobold brigands
  A necrophage (D:5)
  17 bullfrogs
  3 wights (D:7)
  2 electric eels
  10 howler monkeys
  4 jellies
  4 hounds
  12 orc priests
  Jessica (D:3)
  An iguana (D:6)
  Natasha (twice) (D:3)
  25 orc wizards
  A boggart skeleton (D:15)
  A boggart simulacrum (D:14)
  6 adders
  2 shadow imps (D:6)
  2 worms
  3 dart slugs
  87 orcs
  5 ball pythons
  4 bats
  3 endoplasms (D:1)
  4 giant cockroaches
  8 goblins
  3 hobgoblins
  11 kobolds
  2 quokkas
  A frilled lizard (D:3)
  2 rats
690 creatures vanquished.

Vanquished Creatures (others)
  A vault guard (D:14)
  A wizard (D:15)
  2 bloated husks (Swamp:2)
  A swamp worm (Swamp:4)
  A bush (Lair:5)
  8 foxfires (Swamp:4)
  29 fungi
  85 plants
  7 toadstools (Lair:2)
135 creatures vanquished.

Grand Total: 825 creatures vanquished

Notes
Turn   | Place    | Note
-------+----------+-------------------------------------------
     0 | D:1      | oldmanjim the Minotaur Hunter began the quest for the Orb.
     0 | D:1      | Reached XP level 1. HP: 18/18 MP: 0/0
    71 | D:1      | Reached XP level 2. HP: 26/26 MP: 1/1
   570 | D:1      | Found a faded altar of an unknown god.
   935 | D:2      | Reached skill level 5 in Ranged Weapons
   935 | D:2      | Reached XP level 3. HP: 20/31 MP: 2/2
  1207 | D:2      | You fall into a shaft and drop 2 floors!
  1266 | D:4      | Noticed Dowan
  1312 | D:4      | Noticed Sigmund
  1454 | D:3      | Identified the +10 spear "Musk" {vorpal, rF+}
  1518 | D:3      | Reached XP level 4. HP: 24/40 MP: 3/3
  1830 | D:3      | Noticed Natasha
  1836 | D:3      | Killed Natasha
  1837 | D:3      | Reached XP level 5. HP: 29/47 MP: 4/4
  2036 | D:3      | Noticed Jessica
  2043 | D:3      | Killed Jessica
  2044 | D:3      | Reached skill level 5 in Fighting
  2044 | D:3      | Reached skill level 6 in Ranged Weapons
  2129 | D:3      | Noticed Natasha
  2137 | D:3      | Killed Natasha
  2576 | D:4      | Killed Sigmund
  2577 | D:4      | Reached XP level 6. HP: 41/57 MP: 5/5
  2699 | D:4      | Noticed Eustachio
  2712 | D:4      | Killed Eustachio
  2713 | D:4      | Reached XP level 7. HP: 47/63 MP: 3/6
  3003 | D:4      | Noticed Duvessa
  3129 | D:5      | Entered Level 5 of the Dungeon
  3139 | D:5      | Reached skill level 7 in Ranged Weapons
  3244 | D:5      | Found a staircase to the Ecumenical Temple.
  3257 | Temple   | Entered the Ecumenical Temple
  3557 | Temple   | Became a worshipper of Gozag Ym Sagoz the Greedy
  4160 | D:5      | Identified the +7 trident of the Feeding Gods {drain, rF+
                  | Will+ Stlth+}
  4183 | D:5      | Found a snail-covered altar of Cheibriados.
  4350 | D:6      | Noticed a steam dragon
  4360 | D:6      | Killed a steam dragon
  4361 | D:6      | Reached skill level 5 in Polearms
  4361 | D:6      | Reached skill level 8 in Ranged Weapons
  4361 | D:6      | Reached XP level 8. HP: 37/70 MP: 4/7
  4689 | D:6      | Reached skill level 9 in Ranged Weapons
  4769 | D:6      | Noticed a two-headed ogre
  5094 | D:6      | Killed a two-headed ogre
  5095 | D:6      | Reached skill level 10 in Ranged Weapons
  5268 | D:6      | Reached XP level 9. HP: 78/78 MP: 8/8
  5367 | D:6      | HP: 3/79 [yak (7)]
  5874 | D:7      | Reached skill level 5 in Armour
  6567 | D:7      | Found a white marble altar of Elyvilon.
  7119 | D:7      | Found an iron altar of Okawaru.
  7597 | D:8      | Found a staircase to the Lair.
  7726 | D:8      | Killed an unseen horror
  7727 | D:8      | Reached skill level 11 in Ranged Weapons
  8014 | D:8      | Noticed a troll
  8024 | D:8      | Killed a troll
  8174 | D:8      | Reached XP level 10. HP: 88/88 MP: 9/9
  8350 | D:8      | Found a sparkling altar of Nemelex Xobeh.
  8350 | D:8      | Found a broken altar of Ashenzari.
  8482 | D:8      | Bought a potion of mutation for 136 gold pieces
  8482 | D:8      | Bought a scroll of silence for 161 gold pieces
  8491 | D:8      | Identified 2 scrolls of acquirement
  8491 | D:8      | Acquired the +1 longbow of Acec {speed, Stlth+}
  8492 | D:8      | Acquired 1245 gold pieces
  8868 | D:9      | Reached skill level 12 in Ranged Weapons
  9053 | D:9      | Found a shimmering altar of Xom.
  9372 | D:9      | Found Koel's Antique Weapon Shop.
  9847 | D:10     | Entered Level 10 of the Dungeon
 10348 | D:10     | Found a portal to a secret trove of treasure.
 10873 | D:8      | Bought a ring of see invisible for 195 gold pieces
 10877 | Lair:1   | Entered Level 1 of the Lair of Beasts
 10913 | Lair:1   | Noticed a cane toad
 10921 | Lair:1   | Killed a cane toad
 10941 | Lair:1   | Reached skill level 5 in Dodging
 11009 | Lair:1   | Reached XP level 11. HP: 97/97 MP: 10/10
 11162 | Lair:1   | Noticed a seven-headed hydra
 11169 | Lair:1   | Killed a seven-headed hydra
 11203 | Lair:1   | Reached skill level 13 in Ranged Weapons
 11287 | Lair:1   | Reached skill level 10 in Fighting
 12169 | D:8      | Bought the ring "Cybefuomom" {rC+ rCorr EV+4 Int+3 Dex-3}
                  | for 722 gold pieces
 12427 | Lair:1   | Reached skill level 14 in Ranged Weapons
 12690 | Lair:2   | Found a staircase to the Snake Pit.
 12806 | Lair:2   | Noticed Nergalle
 12821 | Lair:2   | Killed Nergalle
 12952 | Lair:2   | Noticed Gastronok
 12972 | Lair:2   | Killed Gastronok
 12973 | Lair:2   | Reached skill level 10 in Dodging
 12973 | Lair:2   | Reached XP level 12. HP: 71/106 MP: 7/11
 13148 | Lair:2   | Found a runed translucent door.
 13712 | Lair:3   | Found a transporter.
 13737 | Lair:3   | Noticed a six-headed hydra
 13866 | Lair:3   | Acquired a manual of Ranged Weapons
 13876 | Lair:3   | Found a transporter.
 13884 | Lair:3   | Noticed a seven-headed hydra
 13937 | Lair:3   | Noticed Miekkume's ghost (journeyman MiFi)
 13938 | Lair:3   | Noticed a five-headed hydra
 14305 | Lair:3   | Reached skill level 15 in Ranged Weapons
 14315 | Lair:3   | Found a staircase to the Swamp.
 14810 | Lair:4   | Noticed Snorg
 14825 | Lair:4   | Killed Snorg
 14826 | Lair:4   | Reached skill level 10 in Polearms
 14912 | Lair:4   | Reached skill level 16 in Ranged Weapons
 14929 | Lair:4   | Noticed a catoblepas
 14945 | Lair:4   | Killed a catoblepas
 15335 | Lair:5   | Entered Level 5 of the Lair of Beasts
 15412 | Lair:5   | Reached XP level 13. HP: 99/116 MP: 10/12
 15523 | Lair:4   | Reached skill level 17 in Ranged Weapons
 15846 | Lair:5   | Reached skill level 18 in Ranged Weapons
 16090 | Lair:5   | Reached skill level 19 in Ranged Weapons
 16535 | Lair:5   | Reached skill level 20 in Ranged Weapons
 16966 | Lair:5   | Identified the +0 chain mail "Hupnaz" {Will+++ Str+2 Int+3
                  | Stlth-}
 17424 | Lair:5   | Found a viscous altar of Jiyva.
 17940 | Lair:5   | Reached skill level 21 in Ranged Weapons
 18114 | Lair:5   | Found a staircase to the Slime Pits.
 18549 | Lair:2   | Reached skill level 1 in Evocations
 18808 | D:8      | Bought the ring "Nipuax" {Fly Str+4 Dex+4 Slay-4} for 318
                  | gold pieces
 18849 | D:8      | Bought a scroll of noise for 17 gold pieces
 18849 | D:8      | Bought a potion of curing for 51 gold pieces
 18849 | D:8      | Bought a scroll of amnesia for 68 gold pieces
 18849 | D:8      | Bought a phantom mirror for 680 gold pieces
 19017 | D:11     | Noticed Urug
 19026 | D:11     | Killed Urug
 19027 | D:11     | Reached XP level 14. HP: 119/124 MP: 13/13
 20033 | D:12     | Found a staircase to the Orcish Mines.
 20390 | Orc:1    | Entered Level 1 of the Orcish Mines
 20617 | Orc:2    | Entered Level 2 of the Orcish Mines
 21359 | Orc:2    | Found a runed translucent gate.
 21359 | Orc:2    | Found a runed translucent gate.
 21359 | Orc:2    | Found a runed translucent gate.
 21361 | Orc:2    | Found an opulent altar of Gozag.
 21362 | Orc:2    | Noticed greasedhog's ghost (journeyman MfFi)
 21365 | Orc:2    | Found Xeunoe's Assorted Antiques.
 22213 | Orc:2    | Found a staircase to the Elven Halls.
 22406 | Orc:2    | Reached skill level 10 in Armour
 22859 | Orc:2    | Found Uwkedwocw's Antique Weapon Shop.
 22859 | Orc:2    | Found Bothinall's General Store.
 22861 | Orc:2    | Found Quorropn's Armour Shoppe.
 22863 | Orc:2    | Found Nauvatok's Weapon Boutique.
 22879 | Orc:2    | Bought a scroll of teleportation for 30 gold pieces
 22879 | Orc:2    | Bought a scroll of identify for 20 gold pieces
 22879 | Orc:2    | Bought a wand of flame (4) for 28 gold pieces
 22879 | Orc:2    | Bought a scroll of poison for 40 gold pieces
 23188 | Orc:2    | Killed greasedhog's ghost
 23189 | Orc:2    | Reached skill level 5 in Evocations
 23371 | Orc:2    | Bought a potion of heal wounds for 195 gold pieces
 23371 | Orc:2    | Bought a scroll of identify for 78 gold pieces
 23371 | Orc:2    | Bought a scroll labelled EGODGH COUCS for 39 gold pieces
 23443 | D:12     | Bought a potion of might for 76 gold pieces
 23443 | D:12     | Bought a potion of haste for 190 gold pieces
 23443 | D:12     | Bought a potion of cancellation for 152 gold pieces
 23961 | D:13     | Noticed Kirke
 23972 | D:13     | Killed Kirke
 24423 | D:13     | Reached skill level 22 in Ranged Weapons
 26496 | D:14     | Reached XP level 15. HP: 124/132 MP: 14/14
 26686 | D:14     | Found a gate to the Vaults.
 26711 | D:15     | Entered Level 15 of the Dungeon
 27705 | D:15     | Found a staircase to the Depths.
 28510 | Swamp:1  | Entered Level 1 of the Swamp
 30335 | Swamp:2  | Upgraded the game from 0.30-a0-368-g86fb4627a9 to
                  | 0.30-a0-371-gad7725a93e
 31276 | Swamp:3  | Noticed a fenstrider witch
 31293 | Swamp:3  | Killed a fenstrider witch
 32084 | Swamp:3  | Noticed Donald
 32112 | Swamp:3  | Killed Donald
 33286 | Swamp:3  | Noticed Jorgrun
 33315 | Swamp:3  | Killed Jorgrun
 34186 | Swamp:4  | Entered Level 4 of the Swamp
 34607 | Swamp:3  | Acquired the +3 pair of gauntlets of War {Slay+5}
 34607 | Swamp:3  | Found the +3 pair of gauntlets of War {Slay+5}
 34818 | Swamp:4  | Reached XP level 16. HP: 139/140 MP: 15/15
 34833 | Swamp:4  | Noticed Louise
 34863 | Swamp:4  | Killed Louise
 35061 | Swamp:4  | Reached skill level 1 in Shields
 36516 | Swamp:4  | Noticed the 27-headed Lernaean hydra
 36543 | Swamp:4  | HP: 5/146 [the 27-headed Lernaean hydra (5)]
 36543 | Swamp:4  | Slain by the 27-headed Lernaean hydra

Illustrated notes

Levels and vault maps discovered:
D:1:      reono_arrival_forest_river, layout_basic,
          shapermc_ecumenical_altar_totnotflames
D:2:      layout_rooms
D:3:      layout_basic, uniq_jessica, uniq_natasha
D:4:      layout_loops_ring, uniq_sigmund, uniq_duvessa, uniq_eustachio
D:5:      layout_basic, mainiacjoe_overflow_six_doors_small,
          minmay_temple_entry_arrows, chequers_serial_rivers_micro_d
D:6:      layout_basic
D:7:      layout_gridville, okawaru_trees_2, elyvilon_altar_5
D:8:      layout_loops_cross, gammafunk_temple_overflow_wave, lair_entry_dummy,
          kennysheep_generic_room_6
D:9:      layout_grid_maze, lemuel_tele_altar, serial_shops,
          nicolae_square_shop, nicolae_eternal_life, solitary_fountain
D:10:     layout_loops_corners, enter_trove_3
D:11:     layout_rooms, serial_aquarium, aquarium_bridge_straight
          [aquarium_subvault_bridge, aquarium_subvault_wall,
          aquarium_subvault_bridge, aquarium_subvault_window],
          aquarium_bridge_island_small [aquarium_subvault_small_open,
          aquarium_subvault_bridge, aquarium_subvault_bridge,
          aquarium_subvault_window, aquarium_subvault_bridge],
          aquarium_window_1, aquarium_window_fake, aquarium_view_2f,
          aquarium_balcony_1b, aquarium_pool_corner, minmay_statues_item,
          uniq_urug
D:12:     layout_cave_pools, david_orc_4
D:13:     layout_stronghold, kennysheep_big_empty_room, uniq_kirke
D:14:     layout_loops_cross, ximxim_vaults_locker_room
D:15:     grunt_enter_depths_magical_seal, layout_grid_maze, serial_bayou,
          serial_bayou_crossing, serial_bayou_pond_a, serial_bayou_pond_d,
          serial_bayou_pond_e, serial_bayou_pond_e
Temple:   minmay_temple_bridge_d
Lair:1:   layout_chaotic_city, infiniplex_staircase_pool, grunt_megastairs_3
Lair:2:   gammafunk_lair_enchanted_lake, layout_loops_ring,
          minmay_snake_entry_guardpost_small, wad_woods_road_05, uniq_nergalle,
          uniq_gastronok
Lair:3:   layout_roguey, minmay_swamp_entry_worms, nzn_ghost_randoct
Lair:4:   layout_concentric_octagons, lemuel_fruit_tree, uniq_snorg
Lair:5:   minmay_lair_end_frog_pond, layout_loops_ring,
          minmay_slime_entry_oklob_enclosed
Swamp:1:  layout_falls_marsh, evilmike_swamp_ruin_house_5, swamp_pool1
Swamp:2:  layout_basic_swamp, nicolae_swamp_little_tower
Swamp:3:  layout_basic_swamp, evilmike_swamp_ruin_house_3, uniq_donald,
          uniq_jorgrun
Swamp:4:  swamp_old_school, layout_basic_swamp, uniq_louise
Orc:1:    layout_caves
Orc:2:    st_orc_rangers, layout_caves, ebering_ghost_gozag

Skill      XL: |  1  2  3  4  5  6  7  8  9 10 11 12 13 14 15 16 |
---------------+-------------------------------------------------+-----
Fighting       | 3 4 5 6 8 9 10 11 12 13 14 | 14.0
Ranged Weapons | 5 6 8 10 11 12 14 16 21 22 | 22.4
Polearms       | 2 5 7 8 10 11 | 11.0
Armour         | 2 3 4 6 7 8 10 12 | 12.0
Dodging        | 3 5 10 12 13 | 13.9
Evocations     | 1 5 8 |  8.0
Shields        | 3 |  3.8
Stealth        | |  0.7
Spellcasting   | |  0.8

Action                   |  1- 3 |  4- 6 |  7- 9 | 10-12 | 13-15 | 16-18 || total
-------------------------+-------+-------+-------+-------+-------+-------++-------
Melee: Spear             |       |    21 |    79 |       |       |       ||   100
       Headbutt          |       |     1 |    20 |    48 |   283 |    31 ||   383
       Punch             |       |       |     4 |     5 |    18 |       ||    27
       Trident           |       |       |    27 |   204 |  1147 |    92 ||  1470
 Fire: Shortbow          |   105 |    56 |   146 |     8 |       |       ||   315
       Longbow           |       |       |       |   455 |   923 |    98 ||  1476
Throw: Javelin           |       |       |       |       |     1 |       ||     1
Invok: Call Merchant     |       |       |       |     2 |     1 |       ||     3
       Potion Petition   |       |       |       |       |     2 |     1 ||     3
Evoke: Wand              |       |       |       |       |     2 |     9 ||    11
  Use: Scroll            |       |       |       |    19 |    10 |     3 ||    32
       Potion            |       |       |       |     1 |     2 |     4 ||     7
 Stab: Distracted        |       |       |       |     2 |     7 |     2 ||    11
       Sleeping          |       |       |       |     1 |       |       ||     1
Armor: Leather armour    |     4 |     3 |    24 |    59 |    38 |       ||   128
       Chain mail        |       |       |       |       |   306 |    95 ||   401
Dodge: Dodged            |    19 |    19 |    79 |   303 |  1232 |   168 ||  1820

Table legend: (Time is in decaauts)
 A = Elapsed time spent in this place.
 B = Non-inter-level travel time spent in this place.
 C = Inter-level travel time spent in this place.
 D = Time resting spent in this place.
 E = Time spent auto-exploring this place.
 F = Levels seen in this place.
 G = Mean time per level.
                   A        B        C        D        E       F      G
               +--------+--------+--------+--------+--------+-----+--------+
         Total |  35839 |  33925 |   1914 |   9006 |  16224 |  27 | 1327.4 |
       Dungeon |  16946 |  15857 |   1089 |   2091 |  10420 |  15 | 1129.7 |
        Temple |    371 |    226 |    145 |      0 |    215 |   1 |  371.0 |
          Lair |   8081 |   7586 |    495 |   1909 |   4048 |   5 | 1616.2 |
         Swamp |   7496 |   7385 |    111 |   4146 |    809 |   4 | 1874.0 |
  Orcish Mines |   2942 |   2869 |     73 |    859 |    732 |   2 | 1471.0 |
               +--------+--------+--------+--------+--------+-----+--------+

Top non-repeatable levels by time:
 Swamp:2: 3249 daAuts
 Swamp:3: 2131 daAuts
   Orc:2: 2083 daAuts
  Lair:5: 2060 daAuts
     D:6: 1798 daAuts
    D:13: 1766 daAuts
  Lair:1: 1732 daAuts
  Lair:4: 1530 daAuts
    D:14: 1499 daAuts
  Lair:2: 1474 daAuts
     D:8: 1358 daAuts
  Lair:3: 1283 daAuts
     D:5: 1232 daAuts
 Swamp:4: 1232 daAuts
    D:15: 1209 daAuts
